 Dungeon Crawl Stone Soup version 0.29-a0-330-g52719c12eb (webtiles) character file.

Game seed: 593789442975129385

84 Aelig the Insei (level 4, 0/32 HPs)
             Began as a Djinni Transmuter on May 17, 2022.
             Slain by a ball python (2 damage)
             ... on level 2 of the Dungeon.
             The game lasted 00:05:30 (2669 turns).

Aelig the Insei (Djinni Transmuter)                 Turns: 2669, Time: 00:05:31

Health: 0/32       AC:  2    Str:  9    XL:     4   Next: 72%
Gold:   65         EV: 12    Int: 14    God:
                   SH:  0    Dex: 14

rFire   + + +      SeeInvis .     - Unarmed
rCold   . . .      Faith    .   (no shield)
rNeg    . . .      Spirit   .   a - +0 robe
rPois   ∞          Reflect  .   (no helmet)
rElec   +          Harm     .   (no cloak)
rCorr   +          Rampage  .   (no gloves)
Will    .....      Clarity  +   (boots unavailable)
Stlth   +.........              (no amulet)
HPRegen 0.10/turn               j - ring of resist corrosion
MPRegen 0.00/turn               (no ring)

@: resistant, attractive, flying
A: sickness immunity, fire resistance 2, cold vulnerability 1, float, innate
caster, HP casting, extra vitality 1, clarity, dopey 1
a: no special abilities


You were on level 2 of the Dungeon.
You visited 1 branch of the dungeon, and saw 4 of its levels.

You collected 65 gold pieces.

Inventory:

Missiles
 c - 79 stones (quivered)
Armour
 a - a +0 robe (worn)
Jewellery
 j - a ring of resist corrosion (left hand)
Scrolls
 b - a scroll of teleportation {unknown}
 e - a scroll of vulnerability {unknown}
 f - a scroll of blinking {unknown}
 h - 2 scrolls of noise {unknown}
 i - a scroll of enchant weapon {unknown}
 k - 2 scrolls of identify {unknown}
Potions
 d - a potion of degeneration {unknown}


   Skills:
 - Level 1.0 Fighting
 - Level 2.1 Dodging
 + Level 4.1 Unarmed Combat
 + Level 2.6 Spellcasting


You couldn't memorise any spells.
You knew the following spells:

 Your Spells              Type           Power      Damage    Failure   Level
a - Beastly Appendage     Tmut           18%        N/A       8%          1
b - Wereblood             Tmut           9%         N/A       11%         2
c - Spider Form           Tmut/Pois      9%         N/A       22%         3
d - Ice Form              Ice/Tmut       9%         N/A       58%         4
e - Animate Skeleton      Necr           18%        N/A       8%          1
Your spell library was empty.

Dungeon Overview and Level Annotations

Branches:
Dungeon (4/15)
 Temple: D:4-7

Altars:

Shops:
D:1 !

Annotations:
D:2 Jessica, Natasha
D:3 Sigmund


Innate Abilities, Weirdness & Mutations

You are immune to sickness and miasma.
You are immune to poison.
Your flesh is very heat resistant. (rF++)
You are vulnerable to cold. (rC-)
You float through the air rather than walking.
You learn spells naturally, not from books.
Your magical power is your life essence.
You have superior vitality. (+4 MHP)
You possess an exceptional clarity of mind.
You are dopey. (Int -2)


Message History

You are confused.
The orc wizard shouts!
It was a potion of mutation.
You feel extremely strange.
You feel stupid.
Your thoughts seem clearer.
You feel less confused.
The orc wizard mumbles some strange words.
The orc wizard flickers and vanishes!
The orc wizard points at you and mumbles some strange words.
The magic dart hits you!
The orc wizard gestures wildly while chanting.
The orc wizard flickers and vanishes!
A magic dart appears from out of thin air!
The magic dart hits you.
* * * LOW HITPOINT WARNING * * *
A magic dart appears from out of thin air!
The magic dart hits you.
* * * LOW HITPOINT WARNING * * *
There is an escape hatch in the ceiling here.
A mysterious force pulls you upwards. The hatch slams shut behind you.
Level annotation: Jessica, Natasha Reactivating autopickup.
The ball python attacks as you move away!
The ball python completely misses you.
The ball python attacks as you move away!
The ball python barely misses you. x2
The ball python bites you.
* * * LOW HITPOINT WARNING * * *
The ball python closely misses you.
The ball python attacks as you move away!
The ball python barely misses you.
It was a potion of resistance.
You feel protected. The ball python barely misses you. x2
The ball python bites you.
* * * LOW HITPOINT WARNING * * *
The ball python barely misses you.
It was a potion of attraction.
You feel attractive to monsters. The ball python bites you.
You die...

######..# #.......# ....
#.#####.# # #..# #.#
#.#### .# #$.# #.#
#....##.#####..#
#.#####<......##.....#
#.....#...>.......O..#
#####.#.##.###.......###
#.#@##.# #.......<.
#.#S##.# ###....###
#########.#.##.# #..#.#
...............# #..#.#
########....##)# #. #.#
#..####.# #. #.# #..#
#.# . #.# ###..# #.. ##
#.. #....# ##. ###


You could see a ball python.

Vanquished Creatures
  Terence (D:3)
  An adder (D:2)
  A worm (D:3)
  4 dart slugs
  3 orcs (D:3)
  4 endoplasms
  A giant cockroach (D:1)
  6 goblins
  2 hobgoblins
  2 kobolds
  3 quokkas (D:3)
  2 ball pythons
  3 rats
33 creatures vanquished.

Vanquished Creatures (others)
  2 fungi (D:2)
2 creatures vanquished.

Grand Total: 35 creatures vanquished

Notes
Turn   | Place    | Note
-------+----------+-------------------------------------------
     0 | D:1      | Aelig the Djinni Transmuter began the quest for the Orb.
     0 | D:1      | Reached XP level 1. HP: 17/17 MP: 0/0
   134 | D:1      | Reached XP level 2. HP: 21/22 MP: 0/0
   557 | D:1      | Found Xoczafir's Distillery.
   757 | D:1      | Reached XP level 3. HP: 27/27 MP: 0/0
   757 | D:1      | Learned a level 1 spell: Animate Skeleton
   999 | D:2      | Noticed Jessica
  1069 | D:2      | Noticed an ogre
  1403 | D:3      | Noticed Sigmund
  1735 | D:2      | Noticed Natasha
  1789 | D:3      | Noticed Terence
  1796 | D:3      | Killed Terence
  1797 | D:3      | Reached skill level 4 in Unarmed Combat
  1797 | D:3      | Reached XP level 4. HP: 26/32 MP: 0/0
  2632 | D:3      | Gained mutation: You are dopey. (Int -2) [potion of
                  | mutation]
  2632 | D:3      | Gained mutation: You possess an exceptional clarity of
                  | mind. [potion of mutation]
  2669 | D:2      | Slain by a ball python

Illustrated notes

Levels and vault maps discovered:
D:1:      ncdulo_wetmaze, layout_basic, serial_shops, shop
D:2:      layout_loops_ring, hellmonk_ecumenical_altar_zigzags,
          kennysheep_nondescript, uniq_jessica, uniq_natasha,
          uniq_crazy_yiuf_cottage
D:3:      layout_loops_ring, nrook_mini_backslash, uniq_sigmund, uniq_terence
D:4:      layout_cave_pools, mainiacjoe_overflow_alcove_4, serial_shops,
          nicolae_shop_advertising_works [nicolae_subvault_shop_adworks],
          nicolae_figureground_sparkle

Skill      XL: |  1  2  3 |
---------------+----------+-----
Spellcasting   | 2 |  2.6
Unarmed Combat | 4 |  4.1
Fighting       | |  1.0
Dodging        | |  2.1

Action                   |  1- 3 |  4- 6 || total
-------------------------+-------+-------++-------
Melee: Unarmed           |    76 |    36 ||   112
       Headbutt          |    11 |     5 ||    16
 Cast: Beastly Appendage |    18 |     8 ||    26
       Wereblood         |     1 |     1 ||     2
       Animate Skeleton  |       |     1 ||     1
  Use: Potion            |     1 |     3 ||     4
 Stab: Sleeping          |     1 |     1 ||     2
Armor: Robe              |     8 |     4 ||    12
Dodge: Dodged            |    46 |    24 ||    70

Table legend: (Time is in decaauts)
 A = Elapsed time spent in this place.
 B = Non-inter-level travel time spent in this place.
 C = Inter-level travel time spent in this place.
 D = Time resting spent in this place.
 E = Time spent auto-exploring this place.
 F = Levels seen in this place.
 G = Mean time per level.
                   A        B        C        D        E       F      G
               +--------+--------+--------+--------+--------+-----+--------+
         Total |   2664 |   2597 |     67 |   1069 |    821 |   4 |  666.0 |
       Dungeon |   2664 |   2597 |     67 |   1069 |    821 |   4 |  666.0 |
               +--------+--------+--------+--------+--------+-----+--------+

Top non-repeatable levels by time:
     D:3: 1164 daAuts
     D:1: 1093 daAuts
     D:2: 398 daAuts
     D:4: 8 daAuts
